 Dungeon Crawl Stone Soup version 0.23.2-33-g5129a83184 (webtiles) character file.

Game seed: 192822978106284107

630 psyvane the Infuser (level 7, 0/75 HPs)
             Began as a Merfolk Skald on July 11, 2019.
             Was a Follower of Sif Muna.
             Succumbed to a worker ant's poison
             ... on level 6 of the Dungeon.
             The game lasted 00:15:11 (2946 turns).

psyvane the Infuser (Merfolk Skald)                 Turns: 2946, Time: 00:15:11

Health: 0/75       AC: 23    Str: 13    XL:     7   Next: 48%
Magic:  1/10       EV:  2    Int: 13    God:    Sif Muna [*.....]
Gold:   171        SH:  0    Dex: 13    Spells: 2/10 levels left

rFire    . . .     SeeInvis .   a - +0 spear
rCold    . . .     Gourm    .   (no shield)
rNeg     + + +     Faith    .   (armour currently unavailable)
rPois    +         Spirit   .   (helmet currently unavailable)
rElec    .         Reflect  .   (cloak currently unavailable)
rCorr    .         Harm     .   (gloves currently unavailable)
MR       .....     NoTele   +   (boots currently unavailable)
Stlth    +.........             l - amulet of inaccuracy (curse)
HPRegen  0.22/turn              (no ring)
MPRegen  0.12/turn              (no ring)

@: lethally poisoned (0 -> -2), tree-form, singing (expiring), very slightly
contaminated, divine energy
A: (change form in water), (swift swim), (stealthy swim)
a: Stop Divine Energy, Renounce Religion


You were on level 6 of the Dungeon.
You worshipped Sif Muna.
Sif Muna was aware of your devotion.
You were very hungry.
You were a tree.
You visited 1 branch of the dungeon, and saw 4 of its levels.

You collected 171 gold pieces.

Inventory:

Hand Weapons
 a - a +0 spear (weapon)
Armour
 b - a +0 leather armour (melded)
 o - a +0 pair of gloves (melded)
Jewellery
 l - a cursed amulet of inaccuracy (around neck)
Scrolls
 e - a scroll of fog
Potions
 h - 2 potions of degeneration
Comestibles
 c - a chunk of flesh
 d - 8 rations


   Skills:
 - Level 2.1 Fighting
 - Level 4.0 Polearms
 - Level 0.6 Armour
 - Level 2.6 Dodging
 - Level 2.0 Spellcasting
 * Level 8.9 Charms
 - Level 0.6 Translocations


You had 2 spell levels left.
You knew the following spells:

 Your Spells              Type           Power        Failure   Level  Hunger
a - Infusion              Chrm           ###.         1%          1    ##.....
b - Song of Slaying       Chrm           ###.....     1%          2    ###....
c - Shroud of Golubria    Chrm/Tloc      ##........   5%          2    ###....
d - Regeneration          Chrm/Necr      ##........   12%         3    ####...

Your spell library contained the following spells:

 Spells                   Type           Power        Failure   Level  Hunger
 Animate Skeleton         Necr           N/A          26%         1    ##.....
 Pain                     Necr           #...         26%         1    ##.....
 Spectral Weapon          Hex/Chrm       ##......     12%         3    ####...
 Vampiric Draining        Necr           #.........   58%         3    ####...
 Animate Dead             Necr           N/A          94%         4    #####..


Dungeon Overview and Level Annotations

Branches:
Dungeon (6/15)             Temple (0/1) D:6

Altars:
Sif Muna

Annotations:
D:3 3 runed translucent doors, Hycrow's ghost, amateur MiBe
D:6 exclusion: oklob sapling


Message History

You closely miss the worker ant.
The worker ant is heavily wounded.
The worker ant bites you but does no damage.
Oops, that amulet feels deathly cold.
l - a cursed amulet of inaccuracy (around neck)
Your song is almost over.
The worker ant bites you but does no damage.
You miss the worker ant.
The worker ant is heavily wounded.
You regain access to your magic.
* * * LOW HITPOINT WARNING * * *
You feel sick.
The worker ant bites you but does no damage.
You puncture the worker ant!
The worker ant is almost dead.
The worker ant bites you but does no damage.
You hit the worker ant.
You kill the worker ant!
Sif Muna accepts your kill.
You die...

.................
..##.........##
...........P...
#....P.PPP.P.
#######..##.PP.PP.. .
............P.>PPP#
....########o#..PP.PPPP.
........†÷.......PPP.P..
........#♣.÷†...P..PP..#
........#..............#
###.....#.........#..#.#
.......#.........#.....
....############.......
.... #h## ... .# #


You could see an orc.

Vanquished Creatures
  An ice beast (D:6)
  5 bullfrogs (D:6)
  A howler monkey (D:6)
  3 worker ants (D:6)
  4 gnolls (D:2)
  An adder (D:2)
  An ooze (D:1)
  A worm (D:2)
  2 dart slugs
  3 leopard geckos
  An orc (D:6)
  A ball python (D:2)
  3 giant cockroaches
  10 goblins
  6 hobgoblins
  3 jackals (D:6)
  2 kobolds
  9 bats
  3 frilled lizards (D:1)
  2 rats
62 creatures vanquished.

Notes
Turn   | Place    | Note
-------+----------+-------------------------------------------
     0 | D:1      | psyvane the Merfolk Skald began the quest for the Orb.
     0 | D:1      | Reached XP level 1. HP: 16/16 MP: 3/3
   300 | D:1      | Reached XP level 2. HP: 22/22 MP: 5/5
   304 | D:1      | Learned a level 2 spell: Song of Slaying
   307 | D:1      | Learned a level 2 spell: Shroud of Golubria
   948 | D:1      | Reached skill level 4 in Charms
   948 | D:1      | Reached XP level 3. HP: 27/27 MP: 1/6
  1547 | D:2      | Reached XP level 4. HP: 25/33 MP: 0/7
  1557 | D:2      | Reached skill level 5 in Charms
  2026 | D:2      | Found a deep blue altar of Sif Muna.
  2092 | D:2      | Became a worshipper of Sif Muna the Loreminder
  2575 | D:3      | Found a runed translucent gate.
  2575 | D:3      | Found a runed translucent gate.
  2576 | D:3      | Found a runed translucent gate.
  2578 | D:3      | Noticed Hycrow's ghost (amateur MiBe)
  2628 | D:3      | You fall through a shaft for 3 floors!
  2628 | D:6      | Found a staircase to the Ecumenical Temple.
  2652 | D:6      | Noticed a bullfrog
  2655 | D:6      | Reached XP level 5. HP: 25/38 MP: 0/8
  2675 | D:6      | Reached skill level 6 in Charms
  2680 | D:6      | Reached XP level 6. HP: 9/44 MP: 2/9
  2686 | D:6      | Reached skill level 7 in Charms
  2686 | D:6      | Noticed an ice beast
  2707 | D:6      | Killed an ice beast
  2707 | D:6      | Reached * piety under Sif Muna
  2707 | D:6      | Reached skill level 8 in Charms
  2707 | D:6      | Reached XP level 7. HP: 17/50 MP: 10/10
  2763 | D:6      | Learned a level 3 spell: Regeneration
  2939 | D:6      | HP: 3/75 [worker ant (5)]
  2941 | D:6      | HP: 1/75 [poisoned by a worker ant]
  2946 | D:6      | Succumbed to a worker ant's poison

Skill      XL: |  1  2  3  4  5  6 |
---------------+-------------------+-----
Polearms       | 4 |  4.0
Charms         | 4 5 6 8 |  8.9
Fighting       | |  2.1
Armour         | |  0.6
Dodging        | |  2.6
Spellcasting   | |  2.0
Translocations | |  0.6

Action                   |  1- 3 |  4- 6 |  7- 9 || total
-------------------------+-------+-------+-------++-------
Melee: Spear             |   141 |   117 |    65 ||   323
 Cast: Infusion          |     4 |     2 |     2 ||     8
       Shroud of Golubri |     1 |     3 |     4 ||     8
       Song of Slaying   |       |     1 |     3 ||     4
       Regeneration      |       |       |     1 ||     1
Invok: Divine Energy     |       |       |     1 ||     1
  Use: Scroll            |     1 |     4 |       ||     5
       Potion            |       |    13 |     3 ||    16
 Stab: Invisible         |       |     4 |       ||     4
  Eat: Chunk             |     2 |     4 |     1 ||     7
Armor: Leather armour    |    16 |    23 |    10 ||    49
       Skin              |       |    53 |     8 ||    61
Dodge: Dodged            |    65 |    65 |    43 ||   173
